 Dungeon Sprint DCSS version 0.23-a0-143-g1adec7b (webtiles) character file.

10678 Faca the Warrior (level 11, -8/125 HPs)
             Began as a Minotaur Fighter on Aug 31, 2018.
             Was the Champion of the Shining One.
             Killed from afar by Ciypti the pandemonium lord (37 damage)
             ... with an iron shot
             ... in the Dungeon (Sprint V: "Ziggurat Sprint").
             The game lasted 00:07:26 (1439 turns).

Faca the Warrior (Minotaur Fighter)                 Turns: 1439, Time: 00:07:26

Health: -8/125     AC: 16    Str: 36    XL:     11   Next: 39%
Magic:  8/16       EV:  8    Int:  5    God:    the Shining One [******]
Gold:   0          SH: 12    Dex: 10    Spells: 10/10 levels left

rFire    + . .     SeeInvis +   p - +5 broad axe
rCold    + + .     Gourm    .   H - -3 shield of a ziggurat {rC+ rN+ MR+ Str+4}
rNeg     + + +     Faith    .   c - +5 chain mail {rC+}
rPois    .         Spirit   .   (helmet restricted)
rElec    .         Reflect  +   (no cloak)
rCorr    .         Harm     .   (no gloves)
MR       ++...     NoTele   +   (no boots)
Stlth    ..........             A - amulet of Moderation {Reflect Str+2 SH+2}
HPRegen  0.30/turn              q - ring of the Mackerel {rF+ MR+ SInv}
MPRegen  0.15/turn              J - +6 ring of strength

@: glowing
A: retaliatory headbutt, horns 2
a: Divine Shield, Cleansing Flame, Summon Divine Warrior, Brand Weapon With Holy
Wrath, Renounce Religion


You were in the Dungeon.
You worshipped the Shining One.
The Shining One was exalted by your worship.
You were not hungry.

You visited 1 branch

Inventory:

Hand Weapons
 a - a +1 flail of protection
 p - a +5 broad axe (weapon)
 K - the +8 lance "Wyrmbane" {slay drac, rPois rF+ rC+ AC+3}
   (You found it in the Dungeon)

   It affects your AC (+3).
   It protects you from fire.
   It protects you from cold.
   It protects you from poison.
Armour
 c - a +5 chain mail of cold resistance (worn)
 l - +5 gold dragon scales
 m - a +5 plate armour
 n - a +3 large shield
 o - a +3 shield
 x - the +6 chain mail of Fortification {+Fly rElec rC+ MR-}
   (You found it in the Dungeon)

   It protects you from cold.
   It insulates you from electricity.
   It affects your resistance to hostile enchantments.
   It lets you fly.
 H - the -3 shield of a ziggurat (worn) {rC+ rN+ MR+ Str+4}
   (You found it in the Dungeon)

   It affects your strength (+4).
   It protects you from cold.
   It protects you from negative energy.
   It affects your resistance to hostile enchantments.
Jewellery
 q - the ring of the Mackerel (left hand) {rF+ MR+ SInv}
   (You found it in the Dungeon)

   [ring of protection from fire]

   It protects you from fire.
   It affects your resistance to hostile enchantments.
   It lets you see invisible.
 A - the amulet of Moderation (around neck) {Reflect Str+2 SH+2}
   (You found it in the Dungeon)

   [amulet of reflection]

   It shields you and reflects attacks.
   It affects your strength (+2).
   It affects your SH (+2).
 E - a +6 ring of dexterity
 F - an uncursed ring of protection from magic
 G - a +6 ring of intelligence
 J - a +6 ring of strength (right hand)
Wands
 y - a wand of disintegration (7)
 C - a wand of iceblast (7)
 D - a wand of acid (7)
Scrolls
 b - 3 scrolls of enchant armour
 k - 4 scrolls of blinking
 r - 7 scrolls of fog
 t - 5 scrolls of identify
 u - 4 scrolls of remove curse
 v - 2 scrolls of fear
Potions
 d - 6 potions of might
 e - 10 potions of curing
 g - 8 potions of heal wounds
 h - 6 potions of haste
 i - 7 potions of magic
 j - 2 potions of berserk rage
 w - 2 potions of brilliance
 z - 4 potions of resistance
 B - 5 potions of agility
Comestibles
 f - 6 rations


   Skills:
 + Level 20.3 Fighting
 - Level 18.5 Axes
 + Level 10.6 Armour
 + Level 10.6 Shields
 + Level 8.3 Invocations


You had 10 spell levels left.
You didn't know any spells.
Your spell library was empty.

Dungeon Overview and Level Annotations

Branches:
Dungeon (1/1)

Altars:
Ashenzari
Cheibriados
Dithmenos
Elyvilon
Fedhas
Gozag
Hepliaklqana
Kikubaaqudgha
Makhleb
Nemelex Xobeh
Okawaru
Qazlal
Ru
Sif Muna
Trog
Uskayaw
Vehumet
Wu Jian
Xom
Yredelemnul
Zin
The Shining One
Beogh
Jiyva
Lugonu


Innate Abilities, Weirdness & Mutations

You reflexively headbutt those who attack you in melee.
You have a pair of horns on your head.


Message History

Cuviy is heavily wounded.
The golden flame engulfs the ufetubus.
The ufetubus writhes in agony!
You kill the ufetubus!
The golden flame engulfs the large abomination.
The large abomination writhes in agony!
You destroy the large abomination!
The Shining One accepts your kill.
You feel better.
You feel your power returning.
The golden flame engulfs Ciypti.
Ciypti writhes in agony!
Ciypti is heavily wounded.
The golden flame engulfs the ufetubus.
The ufetubus writhes in agony!
You kill the ufetubus!
The golden flame engulfs the Executioner.
The Executioner writhes in agony!
You kill the Executioner!
You feel somewhat more hungry. Cuviy barely misses you.
You furiously retaliate!
You headbutt Cuviy, but do no damage. Ciypti gestures at you.
The iron shot hits you!
You die...

▓..:.||[.
▓..:|:|)..▓..).)|[.
▓.........▓........
▓.........▓........
▓5........▓........
▓63.......▓........
▓.1▓)..▓..▓........
▓&▓&....▓.▓)▓)....▓
▓.@..©....▓....©...
▓▓▓▓▓▓▓▓▓▓▓▓▓▓▓▓▓▓▓


You could see Ciypti (dazed), Cuviy (dazed), a monstrous demonspawn (dazed) and
an ufetubus.

Vanquished Creatures
  A tentacled starspawn (D)
  A lorocyproca (D)
  A blizzard demon (D)
  A hell hog (D)
  A thrashing horror (D)
  An orc high priest (D)
  A skeletal warrior (D)
  An ugly thing (D)
  A tormentor (D)
  3 ice devils (D)
  A red devil (D)
  3 large abominations (D)
  An air elemental (D)
  2 spriggans (D)
  A wyvern (shapeshifter) (D)
  A wraith (D)
  5 fire elementals (D)
  A yak (D)
  3 hell hounds (D)
  A water moccasin (D)
  A water moccasin (shapeshifter) (D)
  2 black bears (D)
  2 porcupines (D)
  6 wolves (D)
  A scorpion (shapeshifter) (D)
  A wight (D)
  2 crimson imps (D)
  A quasit (D)
  An iron imp (D)
  A mummy (D)
  An adder (D)
  A shadow imp (D)
  3 white imps (D)
  An ufetubus (D)
  2 adder skeletons (D)
  2 bat zombies (D)
  A jackal (D)
  2 ball pythons (D)
  A giant cockroach zombie (D)
  A leopard gecko zombie (D)
  2 quokka skeletons (D)
  A fire vortex (D)
67 creatures vanquished.

Vanquished Creatures (others)
  A crimson imp (D)
  A bat skeleton (D)
  3 starspawn tentacles (D)
5 creatures vanquished.

Grand Total: 72 creatures vanquished

Notes
Turn   | Place    | Note
-------+----------+-------------------------------------------
     0 | D        | Found the +6 Majin-Bo {vamp, Archmagi MP+6 Int+6}
     0 | D        | Found the +7 great mace "Firestarter" {inner flame, rF++}
     0 | D        | Faca the Minotaur Fighter began the quest for the Orb.
     0 | D        | Reached XP level 1. HP: 19/19 MP: 0/0
     3 | D        | Found a blossoming altar of Fedhas.
     5 | D        | Found a viscous altar of Jiyva.
     5 | D        | Found a hazy altar of Hepliaklqana.
     5 | D        | Found a transporter.
     5 | D        | Found an opulent altar of Gozag.
     5 | D        | Found an ancient bone altar of Kikubaaqudgha.
     5 | D        | Found a corrupted altar of Lugonu.
     9 | D        | Found a burning altar of Makhleb.
    10 | D        | Found a sacrificial altar of Ru.
    10 | D        | Found a stormy altar of Qazlal.
    10 | D        | Found a deep blue altar of Sif Muna.
    10 | D        | Found an iron altar of Okawaru.
    10 | D        | Found a bloodstained altar of Trog.
    10 | D        | Found a sparkling altar of Nemelex Xobeh.
    27 | D        | Found the +9 heavy crossbow "Sniper" {velocity, Acc+∞ SInv}
    27 | D        | Found the +10 dark maul {crush}
    27 | D        | Found the +15 Maxwell's patent armour {-Cast -Tele rElec
                  | MR+ rCorr}
    27 | D        | Found the +18 shield of the Gong {rElec rN+ MR+ EV-5}
    27 | D        | Found the cursed +14 obsidian axe {chop, +Fly SInv *Curse}
    28 | D        | Found the +6 shillelagh "Devastator" {shatter}
    28 | D        | Found the +11 plutonium sword {*Contam Stlth-}
    28 | D        | Found the +8 lance "Wyrmbane" {slay drac, rPois rF+ rC+
                  | AC+3}
    28 | D        | Found the +9 sword of Zonguldrok {reap}
    28 | D        | Found the cursed +13 scythe of Curses {drain, *Curse}
    28 | D        | Found the +0 sword of Power
    28 | D        | Found the +7 mace of Variability {chain chaos}
    28 | D        | Found the +7 Singing Sword
    28 | D        | Found the +7 longbow "Piercer" {penet, EV-2}
    39 | D        | Became a worshipper of the Shining One
    63 | D        | Reached skill level 7 in Fighting
    63 | D        | Reached XP level 2. HP: 34/34 MP: 1/1
    71 | D        | Entered arena 2.
    71 | D        | Noticed a wolf
    71 | D        | Noticed a wolf
    71 | D        | Found a transporter.
    74 | D        | Killed a wolf
    74 | D        | Reached skill level 9 in Fighting
    74 | D        | Reached XP level 3. HP: 29/42 MP: 2/2
    74 | D        | Reached XP level 4. HP: 34/50 MP: 3/3
    75 | D        | Killed a wolf
    75 | D        | Reached skill level 10 in Fighting
    75 | D        | Reached skill level 10 in Axes
    75 | D        | Reached XP level 5. HP: 41/59 MP: 4/4
   186 | D        | Entered arena 3.
   186 | D        | Noticed an orc high priest
   186 | D        | Reached * piety under the Shining One
   186 | D        | Noticed a fire elemental
   186 | D        | Noticed an air elemental
   186 | D        | Found a transporter.
   189 | D        | Noticed a ynoxinul
   189 | D        | Killed an air elemental
   189 | D        | Reached skill level 12 in Fighting
   189 | D        | Reached XP level 6. HP: 70/70 MP: 5/5
   190 | D        | Killed a fire elemental
   192 | D        | Killed an orc high priest
   192 | D        | Reached skill level 14 in Fighting
   192 | D        | Reached XP level 7. HP: 82/82 MP: 6/6
   222 | D        | Entered arena 4.
   222 | D        | Reached ** piety under the Shining One
   222 | D        | Found a transporter.
   224 | D        | Reached XP level 8. HP: 90/90 MP: 7/7
   249 | D        | Entered arena 5.
   249 | D        | Noticed a green ugly thing
   249 | D        | Found a transporter.
   254 | D        | Killed a green ugly thing
   254 | D        | Reached skill level 15 in Fighting
   254 | D        | Reached skill level 15 in Axes
   258 | D        | Reached skill level 16 in Fighting
   265 | D        | Got the ring of the Mackerel {rF+ MR+ SInv}
   267 | D        | Entered arena 6.
   267 | D        | Reached *** piety under the Shining One
   267 | D        | Found a transporter.
   274 | D        | Reached XP level 9. HP: 75/101 MP: 8/8
   377 | D        | Entered arena 7.
   377 | D        | Reached **** piety under the Shining One
   377 | D        | Reached ***** piety under the Shining One
   386 | D        | Found a transporter.
   395 | D        | Got the ring "Peob" {Dex+3 Stlth+}
   398 | D        | Got the amulet of Moderation {Reflect Str+2 SH+2}
   403 | D        | Entered arena 8.
   403 | D        | Reached ****** piety under the Shining One
   403 | D        | Noticed a hell hog
   411 | D        | Reached skill level 17 in Fighting
   416 | D        | Killed a hell hog
   416 | D        | Reached skill level 18 in Fighting
   419 | D        | Found a transporter.
   652 | D        | Entered arena 9.
   659 | D        | Reached XP level 10. HP: 98/114 MP: 9/9
   664 | D        | Found a transporter.
   681 | D        | Got the +6 chain mail of Fortification {+Fly rElec rC+ MR-}
   716 | D        | Entered arena 10.
   720 | D        | Reached skill level 1 in Invocations
   723 | D        | Found a transporter.
   744 | D        | Entered arena 11.
   744 | D        | Noticed a blizzard demon
   744 | D        | Noticed a tentacled starspawn
   744 | D        | Noticed a thrashing horror
   752 | D        | Killed a thrashing horror
   752 | D        | Reached skill level 19 in Fighting
   752 | D        | Reached skill level 5 in Armour
   752 | D        | Reached skill level 5 in Shields
   757 | D        | Killed a tentacled starspawn
   757 | D        | Reached skill level 5 in Invocations
   758 | D        | Killed a blizzard demon
   760 | D        | Found a transporter.
  1082 | D        | Entered arena 12.
  1091 | D        | Reached XP level 11. HP: 124/124 MP: 14/14
  1095 | D        | Noticed a skeletal warrior
  1114 | D        | Killed a skeletal warrior
  1122 | D        | Reached skill level 20 in Fighting
  1123 | D        | Found a transporter.
  1409 | D        | Got the cursed -3 shield of a ziggurat {rC+ rN+ MR+ Str+4}
  1424 | D        | Entered arena 13.
  1424 | D        | Noticed a large abomination
  1424 | D        | Noticed a monstrous demonspawn
  1424 | D        | Noticed a lorocyproca
  1424 | D        | Noticed Ciypti the pandemonium lord
  1424 | D        | Noticed a hellephant
  1425 | D        | Noticed Cuviy the pandemonium lord
  1432 | D        | Noticed an Executioner
  1432 | D        | Killed a large abomination
  1437 | D        | Killed a lorocyproca
  1437 | D        | Reached skill level 10 in Armour
  1437 | D        | Reached skill level 10 in Shields
  1439 | D        | Killed from afar by Ciypti the pandemonium lord

Vault maps used:
D:        sprint_v

Skill      XL: |  1  2  3  4  5  6  7  8  9 10 11 |
---------------+----------------------------------+-----
Fighting       | 7 9 10 12 14 16 18 19 20 | 20.3
Axes           | 6 8 10 11 14 16 18 | 18.5
Armour         | 8 10 | 10.6
Shields        | 8 10 | 10.6
Invocations    | 6 8 |  8.3

Action                   |  1- 3 |  4- 6 |  7- 9 | 10-12 || total
-------------------------+-------+-------+-------+-------++-------
Melee: Broad axe         |     3 |     6 |    43 |    58 ||   110
       Headbutt          |     1 |       |     8 |    16 ||    25
Invok: Cleansing Flame   |       |       |       |     2 ||     2
  Use: Potion            |     1 |     1 |       |     2 ||     4
       Scroll            |       |       |       |     3 ||     3
  Eat: Ration            |       |       |       |     1 ||     1
Armor: Scale mail        |       |     1 |       |       ||     1
       Chain mail        |       |       |    25 |    22 ||    47
Dodge: Dodged            |     3 |     1 |     3 |    13 ||    20
Block: Shield            |     3 |     1 |    21 |    45 ||    70
       Reflection        |       |       |       |     2 ||     2

Table legend:
 A = Non-vault XP
 B = Vault XP
 C = Vault XP percentage of total XP
 D = Non-vault monster count
 E = Vault monster count
 F = Vault count percentage of total count
                 A         B        C        D         E       F
            +---------+---------+-------+---------+---------+-------
      Total |       0 |   15243 | 100.0 |       0 |      66 | 100.0
            +---------+---------+-------+---------+---------+-------
          D |       0 |   15243 | 100.0 |       0 |      66 | 100.0
            +---------+---------+-------+---------+---------+-------
